 Dungeon Crawl Stone Soup version 0.20-a0-1111-g4e342e6 (webtiles) character file.

12538 thegunmagnum the Carver (level 11, -8/102 HPs)
             Began as a Hill Orc Fighter on May 6, 2017.
             Was a Believer of Ru.
             Engulfed by a red draconian's flame (25 damage)
             ... in a volcano.
             The game lasted 02:26:51 (16799 turns).

thegunmagnum the Carver (Hill Orc Fighter)         Turns: 16799, Time: 02:26:51

Health: -8/102     AC: 19    Str: 21    XL:     11   Next: 94%
Magic:  11/11      EV:  5    Int:  8    God:    Ru [**....]
Gold:   457        SH: 10    Dex: 12    Spells: 9/10 levels left

rFire    x . .     SeeInvis .   a - +1 long sword
rCold    + . .     Gourm    .   c - +0 shield
rNeg     . . .     Faith    +   x - +0 plate armour
rPois    .         Spirit   .   u - +1 helmet
rElec    .         Reflect  .   (no cloak)
rCorr    .         Harm     .   W - +0 pair of gloves {archery}
MR       +....                  (no boots)
Stlth    ..........             f - amulet of faith
Regen    0.3/turn               B - ring of protection from magic
MPRegen  0.2/turn               D - ring of ice

@: about to teleport
A: inability to train dodging, no earth magic, no translocations magic, no
transmutations magic, disrupted magic 1
a: Renounce Religion


You were in a volcano.
You worshipped Ru.
Ru was pleased with you.
You were not hungry.

You visited 2 branches of the dungeon, and saw 12 of its levels.
You also visited: Sewer and Volcano.

You collected 682 gold pieces.
You spent 225 gold pieces at shops.

Inventory:

Hand Weapons
 a - a +1 long sword (weapon)
 b - a +0 hunting sling
 n - a +0 vampiric short sword
 y - a +5 morningstar
 Q - a +1 dagger of venom
Missiles
 e - 33 poisoned needles
 C - 267 stones (quivered)
Armour
 c - a +0 shield (worn)
 u - a +1 helmet (worn)
 x - a +0 plate armour (worn)
 W - a +0 pair of gloves of archery (worn)
Jewellery
 f - an amulet of faith (around neck)
 g - an uncursed ring of wizardry
 r - an uncursed ring of fire
 w - an uncursed amulet of harm
 B - a ring of protection from magic (left hand)
 D - a ring of ice (right hand)
 U - an uncursed ring of stealth
Wands
 j - a wand of random effects (10/48)
 t - a wand of flame (0/48)
 z - a wand of polymorph (8/24)
Scrolls
 l - 3 scrolls of teleportation
 m - a scroll of immolation
 q - 5 scrolls of remove curse
 J - 2 scrolls of fog
 L - a scroll of fear
 O - 2 scrolls of enchant weapon
 V - 3 scrolls of magic mapping {unknown}
 X - 2 scrolls of recharging
Potions
 d - 4 potions of brilliance
 h - 5 potions of flight
 i - 2 potions of lignification
 p - a potion of ambrosia {unknown}
 v - 4 potions of magic
 A - a potion of cancellation {unknown}
 F - 2 potions of mutation
 H - a potion of resistance
 I - a potion of haste
 M - a potion of invisibility {unknown}
 N - a potion of might
Comestibles
 k - 2 meat rations
 o - a bread ration
 K - 2 fruits
 Z - 8 royal jellies


   Skills:
 + Level 11.4 Fighting
 * Level 11.7 Long Blades
 - Level 3.6 Maces & Flails
 - Level 2.5 Slings
 + Level 11.5 Armour
   Level 0.0 Dodging
 + Level 6.5 Shields


You had 9 spell levels left.
You knew the following spells:

 Your Spells              Type           Power        Failure   Level  Hunger
a - Apportation           Tloc           #.....       100%        1    ##.....


Dungeon Overview and Level Annotations

Branches:
Dungeon (11/15)            Temple (0/1) D:6            Lair (1/6) D:10
    Orc: D:9-12

Altars:
Cheibriados
Elyvilon
Kikubaaqudgha
Makhleb
Qazlal
Ru
Vehumet
Wu Jian
Zin
The Shining One

Shops:
D:5 !


Innate Abilities, Weirdness & Mutations

You cannot train Dodging skill.
You cannot study or cast Earth magic.
You cannot study or cast Translocations magic.
You cannot study or cast Transmutations magic.
Your casting is slightly disrupted.


Message History

The air gets thick with the scent of sulphur.
In the distance, the volcano erupts with a roar.
There is an open door, spattered with blood here.
Things that are here:
an uncursed shortbow of flaming; 16 arrows
There is a rocky tunnel leading out of this place here.
You see here 2 arrows.
There is an open door here.
A red draconian comes into view. It is wielding a flail of flaming.
Found five items.
There is an open door here.
You feel a little less mighty now.
The red draconian breathes flames at you.
The searing blast hits you! The fire burns you terribly!
Ouch! That really hurt!
* * * LOW HITPOINT WARNING * * *
Okay, then.
As you read the scroll of teleportation, it crumbles to dust.
You feel strangely unstable.
You are engulfed in blazing flames.
You die...

....#### ##.).##.###
§.....8###..))#..8.#
§§.......)..∩('.._.#
≈≈§...8###....#..8.#
≈≈§..### ##...##.###
§≈§..## ######.#
§§≈...## ###..#'#
§≈≈§§..####.[$?..#
§≈≈§§§§..##.$d$.@#
§§≈≈§§§..##.)$$..#
≈≈≈≈§§..#####..###
§≈≈....## ###
≈§≈...## ≈....##
...### ..## .##


You could see a red draconian.

Vanquished Creatures
  A centaur warrior (Volcano)
  The ghost of M4edhros the Pious, a journeyman OpAr of Zin (D:10)
  2 two-headed ogres
  Pikel (D:3)
  Joseph (D:8)
  2 molten gargoyles (Volcano)
  A spiny frog (Lair:1)
  A hornet (D:10)
  A hippogriff (D:7)
  11 yaks (Lair:1)
  Eustachio (D:4)
  7 fire bats (Volcano)
  The ghost of Kriby the Insei, an amateur HuMo (D:3)
  A steam dragon (D:9)
  Menkaure (D:5)
  A naga (D:9)
  Duvessa (D:6)
  3 slaves (D:3)
  A sky beast (D:10)
  A hornet zombie (D:10)
  2 orc warriors
  4 ice beasts
  2 phantoms
  4 ogres
  8 centaurs
  A crocodile (Lair:1)
  4 bullfrogs
  A big kobold (D:8)
  2 wyvern zombies
  Dowan (D:6)
  4 scorpions
  A killer bee (D:5)
  6 wights
  A crimson imp (D:5)
  4 lava snakes (Volcano)
  A bullfrog zombie (D:5)
  8 jellies
  2 centaur skeletons
  7 orc priests
  3 hounds
  11 orc wizards
  2 bullfrog skeletons
  6 iguanas
  Terence (D:2)
  Natasha (twice) (D:2)
  5 worker ants
  Robin (D:2)
  3 gnolls (D:3)
  A howler monkey skeleton (D:4)
  12 adders
  3 river rats (D:5)
  A shadow imp (D:6)
  12 oozes
  7 worms
  A dart slug (D:5)
  6 leopard geckos
  20 orcs
  4 giant cockroaches
  7 goblins
  7 hobgoblins
  19 jackals
  12 kobolds
  10 quokkas
  11 bats
  7 frilled lizards
  A leopard gecko skeleton (D:7)
  A quokka skeleton (D:5)
  A quokka zombie (D:10)
  8 rats
  A butterfly (D:6)
289 creatures vanquished.

Vanquished Creatures (others)
  A bullfrog zombie (D:6)
  An iguana (Lair:1)
  A quokka (D:5)
  2 fungi (Lair:1)
  3 withered plants (D:6)
8 creatures vanquished.

Grand Total: 297 creatures vanquished

Notes
Turn   | Place    | Note
-------+----------+-------------------------------------------
     0 | D:1      | thegunmagnum the Hill Orc Fighter began the quest for the Orb.
     0 | D:1      | Reached XP level 1. HP: 19/19 MP: 1/1
    85 | D:1      | Reached XP level 2. HP: 23/27 MP: 2/2
   968 | D:2      | Reached XP level 3. HP: 29/33 MP: 3/3
  1073 | D:2      | Noticed Natasha
  1093 | D:2      | Killed Natasha
  1344 | D:2      | Reached XP level 4. HP: 27/40 MP: 4/4
  1388 | D:2      | Noticed Robin
  1406 | D:2      | Killed Robin
  2014 | D:2      | Noticed Terence
  2035 | D:2      | Killed Terence
  2035 | D:2      | Reached XP level 5. HP: 42/46 MP: 5/5
  2471 | D:2      | Noticed Natasha
  2482 | D:2      | Killed Natasha
  2822 | D:3      | Noticed Kriby's ghost (amateur HuMo)
  3087 | D:3      | Killed Kriby's ghost
  3087 | D:3      | Reached skill level 5 in Long Blades
  3087 | D:3      | Reached skill level 5 in Armour
  3087 | D:3      | Reached XP level 6. HP: 48/55 MP: 6/6
  3715 | D:3      | Found a sacrificial altar of Ru.
  3726 | D:3      | Became a worshipper of Ru the Awakened
  3822 | D:4      | Noticed Pikel
  3822 | D:4      | Noticed a slave
  3822 | D:4      | Noticed a slave
  3822 | D:4      | Noticed a slave
  3822 | D:4      | Noticed a slave
  3841 | D:3      | Killed a slave
  3861 | D:3      | Killed a slave
  4248 | D:3      | Killed a slave
  4546 | D:3      | HP: 1/55 [Pikel/whip of electrocution (20)]
  4875 | D:3      | Killed Pikel
  4875 | D:3      | Reached XP level 7. HP: 49/64 MP: 7/7
  4875 | D:3      | Reached XP level 8. HP: 54/71 MP: 8/8
  4970 | D:4      | Noticed Eustachio
  5017 | D:4      | Killed Eustachio
  5748 | D:5      | Entered Level 5 of the Dungeon
  5750 | D:5      | Found Guyjinn's Distillery.
  5766 | D:5      | Bought a potion of haste for 150 gold pieces
  5766 | D:5      | Bought a potion of heal wounds for 75 gold pieces
  5878 | D:5      | Found a glowing drain.
  5885 | Sewer    | Entered a sewer
  6553 | D:5      | Found a white marble altar of Elyvilon.
  6802 | D:5      | Found a stormy altar of Qazlal.
  6923 | D:5      | Learned a level 1 spell: Apportation
  6923 | D:5      | Gained mutation: You cannot train Dodging skill. [Ru sacrifice]
  6923 | D:5      | Reached * piety under Ru
  7477 | D:5      | Reached XP level 9. HP: 81/81 MP: 9/9
  7553 | D:5      | Noticed Menkaure
  7560 | D:5      | Killed Menkaure
  7897 | D:6      | Noticed Duvessa
  7897 | D:6      | Noticed Dowan
  8473 | D:6      | Found a staircase to the Ecumenical Temple.
  8576 | D:6      | Found an ancient bone altar of Kikubaaqudgha.
  8607 | D:6      | Noticed a two-headed ogre
  8653 | D:6      | Killed a two-headed ogre
  8739 | D:6      | Found a burning altar of Makhleb.
  8771 | D:6      | Killed Duvessa
  8779 | D:6      | Killed Dowan
  9808 | D:7      | Gained mutation: You cannot study or cast Earth magic. [Ru sacrifice]
  9808 | D:7      | Gained mutation: You cannot study or cast Transmutations magic. [Ru sacrifice]
  9808 | D:7      | Gained mutation: You cannot study or cast Translocations magic. [Ru sacrifice]
  9808 | D:7      | Reached ** piety under Ru
 10282 | D:7      | Reached XP level 10. HP: 46/91 MP: 10/10
 10445 | D:8      | Noticed Joseph
 10473 | D:8      | Killed Joseph
 10473 | D:8      | Reached skill level 10 in Armour
 11535 | D:9      | Found a snail-covered altar of Cheibriados.
 11536 | D:9      | Found a radiant altar of Vehumet.
 11602 | D:9      | Noticed Psyche
 11624 | D:9      | Noticed Psyche
 11624 | D:9      | Psyche changed into Psyche the naga
 11647 | D:9      | Killed Psyche the naga
 11647 | D:9      | Reached skill level 5 in Shields
 11763 | D:9      | HP: 2/93 [steam dragon/ball of steam (20)]
 12280 | D:9      | Found an ornate altar of the Wu Jian Council.
 12287 | D:9      | Reached skill level 10 in Fighting
 12288 | D:9      | Found a glowing silver altar of Zin.
 12738 | D:9      | Gained mutation: Your casting is slightly disrupted. [Ru sacrifice]
 12836 | D:9      | Found a glowing golden altar of the Shining One.
 12999 | D:10     | Entered Level 10 of the Dungeon
 13022 | D:10     | Reached skill level 10 in Long Blades
 13093 | D:10     | Found a staircase to the Lair.
 13494 | D:10     | Noticed M4edhros's ghost (journeyman OpAr)
 13908 | D:10     | Killed M4edhros's ghost
 13908 | D:10     | Reached XP level 11. HP: 72/101 MP: 11/11
 14183 | D:10     | Noticed a two-headed ogre
 14193 | D:10     | Killed a two-headed ogre
 14390 | Lair:1   | Entered Level 1 of the Lair of Beasts
 14432 | Lair:1   | Reached skill level 1 in Maces & Flails
 15083 | Lair:1   | Found a dark tunnel.
 15088 | Volcano  | Entered a volcano
 15988 | Volcano  | Reached skill level 1 in Slings
 16189 | Volcano  | Found a radiant altar of Vehumet.
 16189 | Volcano  | Noticed a centaur warrior
 16202 | Volcano  | Killed a centaur warrior
 16796 | Volcano  | Noticed a red draconian
 16799 | Volcano  | Engulfed by a red draconian's flame

Vault maps used:
D:1:      nagdon_arrival_zigzag_paths
D:2:      first_bread, uniq_robin, uniq_natasha, uniq_terence
D:3:      nicolae_ru_path_of_blood
D:4:      serial_glass, glass_columns_a, glass_columns_b, glass_columns_a,
          glass_columns_c, minmay_strange_pillars, feat_on_display, uniq_pikel,
          uniq_eustachio
D:5:      elyvilon_altar_4, basic_altar, lightli_sewer_entry_pipes,
          serial_shops, shop, small_statue_intersection, uniq_menkaure
D:6:      kiku_gazebo_garden_becter, minmay_temple_entry_butterflies,
          basic_altar, hangedman_decor_opposing, uniq_duvessa
D:8:      uniq_joseph
D:9:      chequers_temple_overflow_statue_of_worship,
          hangedman_little_slice_of_home, tso_altar, uniq_psyche
D:10:     lair_entry_dummy
D:11:     kennysheep_orc_monster_closet_entryway, serial_shops,
          kennysheep_mini_moat, shop_statue, kennysheep_mini, shop
Lair:1:   beast_lair_carwin_large_1, enter_volcano_4
Sewer:    sewer_fruit_machine
Volcano:  volcano_grotto

Skill      XL: |  1  2  3  4  5  6  7  8  9 10 11 |
---------------+----------------------------------+-----
Fighting       | 4 6 8 9 10 11 | 11.4
Long Blades    | 3 4 5 6 7 9 10 11 | 11.7
Armour         | 4 5 6 8 9 11 | 11.5
Shields        | 5 6 |  6.5
Maces & Flails | 3 |  3.6
Slings         | 2 |  2.5

Action                   |  1- 3 |  4- 6 |  7- 9 | 10-12 || total
-------------------------+-------+-------+-------+-------++-------
Melee: Long sword        |   136 |   301 |   401 |   534 ||  1372
       Dagger            |       |       |       |     8 ||     8
       Morningstar       |       |       |       |    93 ||    93
 Fire: Hunting sling     |       |     7 |     9 |    38 ||    54
Invok: Sacrifice Nimblen |       |       |     1 |       ||     1
       Sacrifice Arcana  |       |       |     1 |       ||     1
       Sacrifice Essence |       |       |       |     1 ||     1
Evoke: Wand              |       |     8 |     7 |     7 ||    22
  Use: Scroll            |       |    12 |     8 |     9 ||    29
       Potion            |       |     4 |     6 |     9 ||    19
 Stab: Distracted        |       |       |     1 |     1 ||     2
       Invisible         |       |       |       |     2 ||     2
  Eat: Chunk             |     2 |     3 |     7 |    12 ||    24
       Bread ration      |       |     2 |     2 |       ||     4
       Royal jelly       |       |       |     1 |     5 ||     6
Armor: Scale mail        |    50 |    34 |       |       ||    84
       Chain mail        |       |   115 |   240 |       ||   355
       Plate armour      |       |       |       |   312 ||   312
Dodge: Dodged            |    52 |    57 |    77 |   101 ||   287
Block: Shield            |    66 |   170 |   178 |   288 ||   702
       Rpst.: Long sword |    18 |    14 |    27 |    21 ||    80
